 Dungeon Crawl Stone Soup version 0.29.1-15-g9cfb28693d (webtiles) character file.

Game seed: 8259437137227464053

538 Heoruswealwe the Magician (level 7, -23/36 HPs)
             Began as a Deep Elf Earth Elementalist on Apr 12, 2023.
             Annihilated by a minotaur (31 damage)
             ... created by the fury of Okawaru
             ... on level 4 of the Dungeon.
             The game lasted 00:21:47 (2745 turns).

Heoruswealwe the Magician (DEEE)                    Turns: 2745, Time: 00:21:47

Health: -23/36     AC:  3    Str:  5    XL:     7   Next: 5%
Magic:  20/20      EV: 12    Int: 22    God:
Gold:   1634       SH:  0    Dex: 15    Spells: 11/21 levels left

rFire   . . .      SeeInvis .   (no weapon)
rCold   . . .      Faith    .   (no shield)
rNeg    . . .      Spirit   .   a - +0 robe
rPois   .          Reflect  .   (no helmet)
rElec   .          Harm     .   (no cloak)
rCorr   .          Rampage  .   (no gloves)
Will    .....                   p - +0 pair of boots
Stlth   ++........              (no amulet)
HPRegen 0.12/turn               (no ring)
MPRegen 0.17/turn               (no ring)

@: no status effects
A: no striking features
a: no special abilities


You were on level 4 of the Dungeon.
You visited 2 branches of the dungeon, and saw 5 of its levels.

You collected 1889 gold pieces.
You spent 255 gold pieces at shops.

Inventory:

Armour
 a - a +0 robe (worn)
 f - a +0 robe
 n - a +0 robe
 o - a +0 robe
 p - a +0 pair of boots (worn)
Wands
 g - a wand of mindburst (8)
 k - a wand of quicksilver (4)
Scrolls
 d - 3 scrolls of teleportation
Potions
 b - a potion of magic
 c - a potion of resistance
 e - 2 potions of heal wounds
 h - 2 potions of brilliance
 i - 2 potions of invisibility
 j - a potion of curing {unknown}
 l - a potion of might {unknown}
 m - 2 potions of mutation {unknown}
 q - a potion of haste {unknown}


   Skills:
 - Level 2.4 Dodging
 - Level 2.4 Stealth
 + Level 7.5 Spellcasting
 - Level 1.1 Transmutations
 + Level 6.7 Earth Magic


You had 11 spell levels left.
You knew the following spells:

 Your Spells              Type           Power      Damage    Failure   Level
a - Sandblast             Erth           74%        2d16      1%          1
b - Stone Arrow           Conj/Erth      46%        3d9       6%          3
c - Petrify               Tmut/Erth      25%        N/A       16%         4
z - Passwall              Tmut/Erth      20%        N/A       2%          2

Your spell library contained the following spells:

 Spells                   Type           Power      Damage    Failure   Level


Dungeon Overview and Level Annotations

Branches:
Dungeon (4/15)             Temple (1/1) D:4

Altars:
Cheibriados
Dithmenos
Elyvilon
Fedhas
Gozag
Kikubaaqudgha
Nemelex Xobeh
Okawaru
Trog
Wu Jian

Shops:
D:2 ::   D:4 *


Message History

The blast of sand misses the giant cockroach.
The blast of sand hits the quokka!!
You kill the quokka!
The giant cockroach bites you but does no damage.
The giant cockroach closely misses you.
The blast of sand misses the giant cockroach.
The giant cockroach bites you but does no damage.
The giant cockroach misses you.
The blast of sand hits the giant cockroach!!
You kill the giant cockroach!
Things that are here:
a +0 dagger; a kobold corpse You see here a quokka corpse.
Found a stone staircase leading down.
There is a stone staircase leading down here.
Found a pair of boots.
Found a ring mail.
You see here a +0 pair of boots.
You start putting on your armour.
You continue putting on your +0 pair of boots.
Magic restored.
You continue putting on your +0 pair of boots. x3
You finish putting on your +0 pair of boots.
Nemelex Xobeh makes you draw from the deck of Punishment.
You draw a card...
You have drawn Wrath.
Okawaru sends forces against you!
The divine experience drains your vigour!
You feel yourself slow down.
A minotaur, a merfolk impaler and 2 merfolk come into view.
The merfolk impaler is wielding a +0 trident of venom.
A merfolk is wielding a +1 vampiric glaive.
You see here a +0 ring mail.
You feel yourself speed up.
You open the door.
The merfolk shouts!
The merfolk hits you from afar with a +0 spear!!
Ouch! That really hurt!
* * * LOW HITPOINT WARNING * * *
The minotaur attacks as you move away! The minotaur hits you!!
Ouch! That really hurt!
You die...

##...## #.##..#.
##.....## ##.......
##.......## ##.###.###
#.........####...##.###
+.........+......).....
#..m......####...##.###
##..m....## ##........
##...mH## ##.##.###
##..@## #.##.# # ##'##
##.##.# # #. #.....# #
#. #.†#### # .. #..# #
.. #... . ... #.## ...
#. ..


You could see a minotaur, a merfolk impaler and 2 merfolk.

Vanquished Creatures
  Sigmund (D:3)
  A black bear (D:4)
  A scorpion (D:4)
  A hound (D:4)
  A jelly (D:3)
  An iguana (D:4)
  4 gnolls (D:2)
  2 adders
  A dart slug (D:4)
  6 bats
  5 endoplasms
  11 giant cockroaches
  8 goblins
  8 hobgoblins
  8 kobolds
  4 quokkas
  6 ball pythons
  5 frilled lizards
  2 rats
76 creatures vanquished.

Notes
Turn   | Place    | Note
-------+----------+-------------------------------------------
     0 | D:1      | Heoruswealwe the Deep Elf Earth Elementalist began the
                  | quest for the Orb.
     0 | D:1      | Reached XP level 1. HP: 10/10 MP: 6/6
    91 | D:1      | Reached XP level 2. HP: 15/15 MP: 3/8
    94 | D:1      | Learned a level 2 spell: Passwall
   233 | D:1      | Found a faded altar of an unknown god.
   253 | D:1      | Prayed at the altar of an unknown god.
   253 | D:1      | Became a worshipper of Nemelex Xobeh the Trickster
   253 | D:1      | Reached * piety under Nemelex Xobeh
   253 | D:1      | Received a gift from Nemelex Xobeh
   383 | D:1      | Reached skill level 4 in Spellcasting
   387 | D:1      | Reached XP level 3. HP: 19/19 MP: 4/10
   660 | D:1      | You fall into a shaft and drop 1 floor!
   772 | D:2      | Reached XP level 4. HP: 22/24 MP: 5/12
   993 | D:2      | Found Zanod's Book Shop.
  1058 | D:2      | Found Oqaffuxe's Vocational Training.
  1070 | D:2      | Reached skill level 5 in Spellcasting
  1345 | D:3      | Identified 2 scrolls of acquirement
  1345 | D:3      | Acquired 746 gold pieces
  1347 | D:3      | Acquired 897 gold pieces
  1398 | D:3      | Reached ** piety under Nemelex Xobeh
  1515 | D:3      | Reached skill level 5 in Earth Magic
  1555 | D:3      | Reached XP level 5. HP: 28/28 MP: 11/14
  1559 | D:3      | Learned a level 3 spell: Stone Arrow
  1564 | D:3      | Learned a level 4 spell: Petrify
  1675 | D:3      | Noticed Sigmund
  1681 | D:3      | Killed Sigmund
  1682 | D:3      | Reached skill level 6 in Spellcasting
  1682 | D:3      | Reached XP level 6. HP: 20/32 MP: 10/17
  2083 | D:4      | Found a staircase to the Ecumenical Temple.
  2103 | Temple   | Entered the Ecumenical Temple
  2181 | Temple   | Prayed at the altar of an unknown god.
  2181 | Temple   | Fell from the grace of Nemelex Xobeh
  2181 | Temple   | Became a worshipper of Fedhas Madash
  2181 | Temple   | Reached * piety under Fedhas
  2192 | Temple   | Fell from the grace of Fedhas
  2422 | D:4      | Found Liech's Assorted Antiques.
  2425 | D:4      | Bought a scroll labelled WIOJUNTI YZEF for 29 gold pieces
  2425 | D:4      | Bought a sedimented ruby potion for 26 gold pieces
  2425 | D:4      | Bought a scroll of identify for 58 gold pieces
  2425 | D:4      | Bought a smoky inky potion for 26 gold pieces
  2425 | D:4      | Bought a potion of brilliance for 116 gold pieces
  2490 | D:4      | Reached skill level 7 in Spellcasting
  2696 | D:4      | Reached XP level 7. HP: 23/36 MP: 16/20
  2743 | D:4      | Noticed a minotaur
  2743 | D:4      | Noticed a merfolk impaler
  2743 | D:4      | Noticed a merfolk
  2743 | D:4      | Noticed a merfolk
  2745 | D:4      | Annihilated by a minotaur

Illustrated notes

Levels and vault maps discovered:
D:1:      lightli_molten_gateway, layout_loops_ring,
          ebering_ecumenical_altar_sacrificial
D:2:      layout_loops_ring, serial_shops, nicolae_shop_stone,
          dreamdust_princess_corridor, nicolae_shop_vocational
D:3:      layout_loops_cross, uniq_sigmund
D:4:      layout_loops_corners, temple_fountains, serial_shops,
          kennysheep_mini_moat, ebering_dispersal_statue_hall
Temple:   chequers_temple_sunken

Skill      XL: |  1  2  3  4  5  6 |
---------------+-------------------+-----
Spellcasting   | 4 5 6 7 |  7.5
Earth Magic    | 4 5 6 |  6.7
Dodging        | |  2.4
Stealth        | |  2.4
Transmutations | |  1.1

Action                   |  1- 3 |  4- 6 |  7- 9 || total
-------------------------+-------+-------+-------++-------
Melee: Unarmed           |     1 |       |       ||     1
 Cast: Sandblast         |    42 |    59 |     4 ||   105
       Passwall          |       |     2 |       ||     2
Invok: Renounce Religion |       |     1 |       ||     1
  Use: Scroll            |     3 |     8 |       ||    11
Armor: Robe              |     2 |     1 |     2 ||     5
Dodge: Dodged            |     4 |    14 |     2 ||    20
